cohdb
Replays
Latest Replays
All Replays
Popular Replays
Top Player Replays
Match Explorer
How It Works
Community
CoH3 Stats
Reddit
Sign in to upload your games and track your stats! →
Sign in with Steam
Match 46708033
Unlisted
Match 46708033
Overview
Messages
Build Orders
End
Panzergrenadier Squad
Kradschützen Motorcycle Team
Panzergrenadier Squad
Panzergrenadier Squad
Construct Light Support Kompanie
Fire Support Elements
Flakvierling Half-track
2.5-tonne Medical Truck
Construct Panzerarmee Kommand
Selects Battlefield Espionage Battlegroup
Selects Intel Disruption Beacon
Selects Plunder
Panzerjäger Mechanized Group
Panzer III L Medium Tank
Vehicle Survival Package
Selects Firestorm
Selects 250/3 Funkpanzerwagen
Panzer III L Medium Tank
Rapid Advance
Firestorm
Tungsten Core Ammunition
Selects Advanced Ambush Training
Veteran Squad Leaders
Firestorm
Forward Retreat Point
Panzer III L Medium Tank
Firestorm
Armored Reserves
Selects Operation Skorpion
Firestorm
Operation Skorpion
Tiger Heavy Tank
Flak 36 Anti-tank Gun Team
Panzer III L Medium Tank
Firestorm
Emergency Repair Kits
Panzer III Assault Group
Panzer III L Medium Tank
Operation Skorpion
Panzer III L Medium Tank
Firestorm
Panzer IV Assault Group
Advanced Field Repairs
Panzergrenadier Squad
Firestorm
Kray-Tos
CheeksClapped.com
Dikcon
MMMilkmother
0
0
Comments
sign in to comment!
No comments posted yet!